 Dungeon Crawl Stone Soup version 0.30-a0-364-gf6b3ef1049 (webtiles) character file.

Game seed: 10902363589127036290

17 MrRokkomies the Slasher (level 3, -2/31 HPs)
             Began as a Meteoran Cinder Acolyte on Nov 15, 2022.
             Was a High Priest of Ignis.
             Slain by a goblin
             ... wielding a +0 dagger
             ... led by Robin
              (4 damage)
             ... on level 2 of the Dungeon.
             The game lasted 00:01:34 (540 turns).

MrRokkomies the Slasher (Meteoran Cinder Acolyte)    Turns: 540, Time: 00:01:35

Health: -2/31      AC:  2    Str: 16    XL:     3   Next: 2%
Magic:  6/6        EV: 11    Int: 15    God:    Ignis [*****.]
Gold:   33         SH:  0    Dex: 11    Spells: 4/4 levels left

rFire   + . .      SeeInvis .    a - -1 falchion (flame)
rCold   . . .      Faith    .    (no shield)
rNeg    . . .      Spirit   .    b - +0 robe
rPois   .          Reflect  .    c - +0 hat
rElec   .          Harm     .    (no cloak)
rCorr   .          Rampage  .    (no gloves)
Will    .....                    (no boots)
Stlth   +.........               (no amulet)
HPRegen 0.25/turn                (no ring)
MPRegen 0.10/turn                (no ring)

@: weak-willed, flying, glowing
A: sense surroundings 1, otherworldly, glowing, explore regen
a: Renounce Religion, Fiery Armour, Foxfire Swarm, Rising Flame


You were on level 2 of the Dungeon.
You worshipped Ignis.
Ignis was extremely pleased with you.
You visited 1 branch of the dungeon, and saw 2 of its levels.

You collected 33 gold pieces.

Inventory:

Hand Weapons
 a - a -1 falchion of flaming (weapon)
Armour
 b - a +0 robe (worn)
 c - a +0 hat (worn)
Potions
 f - a potion of curing


   Skills:
 * Level 3.6 Fighting
 * Level 4.0 Long Blades
 + Level 0.8 Dodging
 - Level 1.3 Spellcasting
 + Level 3.8 Fire Magic


You had 4 spell levels left.
You didn't know any spells.
Your spell library contained the following spells:

 Spells                   Type           Power      Damage    Failure   Level
 Scorch                   Fire           24%        2d6       8%          2


Dungeon Overview and Level Annotations

Branches:
Dungeon (2/15) Zot: 653

Altars:

Annotations:
D:2 Robin


Innate Abilities, Weirdness & Mutations

You passively map a small area around you.
You are easily found by Zot.
You glow in the dark.
You regain HP and MP as you explore.


Message History

The goblin hits you with a +0 club. The endoplasm freezes you.
You are frozen.
The goblin hits you with a +0 club. The goblin hits you but does no damage.
The goblin closely misses you.
As you read the scroll labelled VAIDOIPUIJ, it crumbles to dust.
Magic quickly surges around you.
It was a scroll of vulnerability.
The bat misses you. The bat hits you.
Robin roars a battlecry!
The goblins go into a battle-frenzy!
The endoplasm hits you. The goblin barely misses you. x3
The goblin closely misses you. The goblin barely misses you.
The goblin hits you with a +0 club.
As you read the scroll labelled GOXER CIYG, it crumbles to dust.
It is a scroll of identify.
f - 2 potions of curing The bat hits you but does no damage. x2; The endoplasm hits you.
The goblin hits you but does no damage. x3; The goblin misses you.
The goblin hits you with a +0 club. The goblin closely misses you.
It was a potion of flight.
You feel very buoyant.
You fly up into the air.
The bat barely misses you. The bat closely misses you. The endoplasm hits you.
* * * LOW HITPOINT WARNING * * *
The goblin hits you with a +0 club.
* * * LOW HITPOINT WARNING * * *
The goblin closely misses you. The goblin barely misses you.
The goblin hits you with a +0 dagger.
* * * LOW HITPOINT WARNING * * *
The goblin hits you with a +0 club.
* * * LOW HITPOINT WARNING * * *
The goblin barely misses you.
You feel better. The bat hits you.
* * * LOW HITPOINT WARNING * * *
The endoplasm freezes you.
You are frozen.
* * * LOW HITPOINT WARNING * * *
The goblin barely misses you. The goblin hits you with a +0 club.
* * * LOW HITPOINT WARNING * * *
The goblin hits you with a +0 dagger.
You die...

#, , .#.* ,
...###########
.............#
,
.............#
*
..>...g.b..[.#
......ggg....#
*
.....gJ@.....#
.....gggg....#
......gg.....#
,
.<..###.######
...# #.# ..#*
#.# , ## #.#
#.#


You could see Robin (weak-willed), an endoplasm (weak-willed), 2 hobgoblins, 8
goblins and a bat (weak-willed).

Vanquished Creatures
  A dart slug (D:1)
  An endoplasm (D:1)
  2 goblins (D:1)
  2 hobgoblins (D:1)
  2 quokkas (D:1)
  A ball python (D:1)
  2 bats (D:1)
  A frilled lizard (D:1)
  2 rats (D:1)
14 creatures vanquished.

Notes
Turn   | Place    | Note
-------+----------+-------------------------------------------
     0 | D:1      | MrRokkomies the Meteoran Cinder Acolyte began the quest for
                  | the Orb.
     0 | D:1      | Reached XP level 1. HP: 19/19 MP: 3/3
   140 | D:1      | Reached XP level 2. HP: 22/26 MP: 5/5
   247 | D:1      | Reached skill level 4 in Long Blades
   348 | D:1      | Reached XP level 3. HP: 30/31 MP: 6/6
   494 | D:1      | Glimpsed the power of Zot.
   534 | D:2      | Noticed Robin
   540 | D:2      | Slain by a goblin

Illustrated notes

Levels and vault maps discovered:
D:1:      heliophobic_arrival_dark_side_of_the_moon, layout_basic
D:2:      layout_rooms, dreamdust_ecumenical_altar_grove, st_stairs_14,
          uniq_robin

Skill      XL: |  1  2 |
---------------+-------+-----
Long Blades    | 4 |  4.0
Fighting       | |  3.6
Dodging        | |  0.8
Spellcasting   | |  1.3
Fire Magic     | |  3.8

Action                   || total
-------------------------++-------
Melee: Falchion          ||    55
       Punch             ||     1
  Use: Scroll            ||     2
       Potion            ||     2
Armor: Robe              ||    20
Dodge: Dodged            ||    41

Table legend: (Time is in decaauts)
 A = Elapsed time spent in this place.
 B = Non-inter-level travel time spent in this place.
 C = Inter-level travel time spent in this place.
 D = Time resting spent in this place.
 E = Time spent auto-exploring this place.
 F = Levels seen in this place.
 G = Mean time per level.
                   A        B        C        D        E       F      G
               +--------+--------+--------+--------+--------+-----+--------+
         Total |    545 |    506 |     39 |      0 |    388 |   2 |  272.5 |
       Dungeon |    545 |    506 |     39 |      0 |    388 |   2 |  272.5 |
               +--------+--------+--------+--------+--------+-----+--------+

Top non-repeatable levels by time:
     D:1: 539 daAuts
     D:2: 5 daAuts
